 Dungeon Crawl Stone Soup version 0.28.0-53-g5a82cb258f (webtiles) character file.

Game seed: 8260628231036912966

46 mcbry74 the Digger (level 3, -1/24 HPs)
             Began as a Formicid Earth Elementalist on July 8, 2022.
             Succumbed to an adder's poison
             ... on level 2 of the Dungeon.
             The game lasted 00:05:45 (1476 turns).

mcbry74 the Digger (Formicid Earth Elementalist)    Turns: 1476, Time: 00:05:45

Health: -1/24      AC:  2    Str: 12    XL:     3   Next: 92%
Magic:  1/6        EV: 12    Int: 16    God:
Gold:   51         SH:  0    Dex: 11    Spells: 5/6 levels left

rFire   . . .      SeeInvis +   g - staff of air
rCold   . . .      Faith    .   (no shield)
rNeg    . . .      Spirit   .   b - +0 robe
rPois   .          Reflect  .   (helmet unavailable)
rElec   +          Harm     .   (no cloak)
rCorr   .          Rampage  .   (no gloves)
Will    .....                   (no boots)
Stlth   ++........              (no amulet)
HPRegen 0.08/turn               (no ring)
MPRegen 0.10/turn               (no ring)

@: lethally poisoned (-1 -> -9), flying
A: permanent stasis, dig shafts and tunnels, antennae 3, four strong arms
a: Dig, Shaft Self


You were on level 2 of the Dungeon.
You visited 1 branch of the dungeon, and saw 2 of its levels.

You collected 51 gold pieces.

Inventory:

Hand Weapons
 f - a +0 whip
Missiles
 c - 20 stones
Armour
 b - a +0 robe (worn)
Magical Staves
 g - a staff of air (weapon)
Scrolls
 a - a scroll of noise {unknown}
 d - a scroll of silence {unknown}
 h - a scroll of teleportation {unknown}
 j - 2 scrolls of identify {unknown}
 k - a scroll of enchant armour {unknown}
Potions
 i - a potion of ambrosia {unknown}


   Skills:
 + Level 1.1 Staves
 - Level 1.8 Dodging
 - Level 2.5 Stealth
 - Level 2.1 Spellcasting
 - Level 1.2 Transmutations
 + Level 5.0 Earth Magic


You had 5 spell levels left.
You knew the following spells:

 Your Spells              Type           Power      Damage    Failure   Level
a - Sandblast             Erth           34%        2d9       2%          1

Your spell library contained the following spells:

 Spells                   Type           Power      Damage    Failure   Level
 Passwall                 Tmut/Erth      9%         N/A       9%          2
 Animate Skeleton         Necr           2%         N/A       21%         1
 Pain                     Necr           4%         1d4       21%         1
 Stone Arrow              Conj/Erth      18%        3d8       22%         3
 Petrify                  Tmut/Erth      11%        N/A       50%         4
 Vampiric Draining        Necr           1%         2d6       52%         3


Dungeon Overview and Level Annotations

Branches:
Dungeon (2/15)

Altars:


Innate Abilities, Weirdness & Mutations

You cannot be hasted, slowed, berserked, paralysed or teleported.
You can dig through walls and to a lower floor.
You have a pair of large antennae on your head. (SInv)
Your four strong arms can wield two-handed weapons with a shield.


Message History

You are poisoned.
The adder poisons you!
Aiming: Sandblast (safe; 2% risk of failure)
Press: ? - help, Q - select action, (/) - cycle Shift-Dir - straight line, f/p - adder
Aim: an adder (moderately wounded, 66% to hit)
The blast of sand misses the adder.
You feel sick. The adder bites you.
Aiming: Sandblast (safe; 2% risk of failure)
Press: ? - help, Q - select action, (/) - cycle Shift-Dir - straight line, f/p - adder
Aim: an adder (moderately wounded, 66% to hit)
The blast of sand misses the adder.
You feel sick. The adder bites you.
You are more poisoned.
The adder poisons you!
Aiming: Sandblast (safe; 2% risk of failure)
Press: ? - help, Q - select action, (/) - cycle Shift-Dir - straight line, f/p - adder
Aim: an adder (moderately wounded, 66% to hit)
The blast of sand hits the adder!
The adder is almost dead.
You feel very sick. The adder bites you.
You are lethally poisoned!
The adder poisons you! The adder barely misses you.
You don't have enough magic to cast this spell.
You don't have enough magic to cast this spell.
Unknown command.
You closely miss the adder.
The adder is almost dead.
* * * LOW HITPOINT WARNING * * *
You feel very sick. The adder barely misses you.
You barely miss the adder.
The adder is almost dead.
* * * LOW HITPOINT WARNING * * *
You feel sick. The adder bites you.
* * * LOW HITPOINT WARNING * * *
It was a potion of flight.
You feel very buoyant.
You fly up into the air.
You die...

#.......#............#.#
##.......#...########.#.#
......>..#.#.........<..#
##..(....#.##.#######...#
......)..#..##..........#
.#####.#.######†######..####
.........## .#.............
#####.....##.#..)..........
.........@#.#...#####..###
##########S.#.#.# #...#
##.#.#.# #.#.# #..#.# #.#.#
##.#+# #.#.# .... #.#.# ...
#.#.## ..# #.#..# +## #.##.#


You could see an adder.

Vanquished Creatures
  An adder (D:2)
  A worm (D:2)
  3 endoplasms (D:1)
  2 giant cockroaches (D:1)
  5 goblins
  2 hobgoblins
  A jackal (D:2)
  4 kobolds
  3 quokkas (D:1)
  A ball python (D:1)
  4 bats
  2 rats
29 creatures vanquished.

Notes
Turn   | Place    | Note
-------+----------+-------------------------------------------
     0 | D:1      | mcbry74 the Formicid Earth Elementalist began the quest for
                  | the Orb.
     0 | D:1      | Reached XP level 1. HP: 13/13 MP: 3/3
   145 | D:1      | Reached skill level 4 in Earth Magic
   145 | D:1      | Reached XP level 2. HP: 12/19 MP: 0/5
   770 | D:1      | Reached XP level 3. HP: 24/24 MP: 2/6
  1470 | D:2      | Reached skill level 1 in Staves
  1470 | D:2      | Reached skill level 5 in Earth Magic
  1475 | D:2      | HP: 1/24 [adder (2)]
  1476 | D:2      | Succumbed to an adder's poison

Illustrated notes

Levels and vault maps discovered:
D:1:      minmay_arrival_arboretum_small, layout_basic, minmay_tetromino_o2
D:2:      layout_basic, supply_closet_lemuel, minmay_cut_off

Skill      XL: |  1  2  3 |
---------------+----------+-----
Earth Magic    | 4 5 |  5.0
Staves         | 1 |  1.1
Dodging        | |  1.8
Stealth        | |  2.5
Spellcasting   | |  2.1
Transmutations | |  1.2

Action                   || total
-------------------------++-------
Melee: Staff             ||     7
 Cast: Sandblast         ||    49
  Use: Potion            ||     1
Armor: Robe              ||     3
Dodge: Dodged            ||    15
